[Event "10th LBHM Open 2024"]
[Site "Pune"]
[Date "2024.05.21"]
[Round "3.3"]
[White "Rohith N"]
[Black "Neelash Saha"]
[Result "0-1"]
[ECO "D00"]
[WhiteElo "1750"]
[BlackElo "2483"]
[PlyCount "98"]
[EventDate "2024.05.21"]
[EventType "swiss"]
[EventCountry "IND"]
[TimeControl "5400+30"]

1. d4 e6 2. Nc3 d5 3. Bf4 Nf6 4. Nb5 Na6 5. e3 c6 6. Nc3 Bb4 7. Bxa6 bxa6 8. Nge2 a5 9. a3 Be7 10. Na4 Nd7 11. Qd3 O-O 12. O-O Bb7 13. Nc1 c5 14. dxc5 Bc6 15. Nc3 Nxc5 16. Qe2 Bb7 17. Rd1 Ba6 18. Qh5 Qb6 19. Be5 f6 20. Bd4 Qc6 21. Bxc5 Bxc5 22. Nb3 Bb6 23. Nd4 Qe8 24. Qxe8 Rfxe8 25. Na4 Rac8 26. Nxb6 axb6 27. c3 Kf7 28. f3 g6 29. Kf2 e5 30. Ne2 Bc4 31. Rd2 Ke6 32. h4 h5 33. f4 Kf5 34. fxe5 fxe5 35. Kf3 Rf8 36. Ng1 g5 37. hxg5 h4 38. Nh3 Bd3 39. Rad1 Kg6+ 40. Kg4 Rc4+ 41. Nf4+ exf4 42. Rxd3 fxe3+ 43. Rd4 Rxd4+ 44. cxd4 Re8 45. Re1 Re4+ 46. Kf3 Kxg5 47. Rh1 e2 48. Re1 Rxd4 49. g4 Rf4+ 0-1

[Event "10th LBHM Open 2024"]
[Site "Pune"]
[Date "2024.05.21"]
[Round "3.4"]
[White "Nitin, S.."]
[Black "Shaashvat Gupta"]
[Result "1-0"]
[ECO "B90"]
[WhiteElo "2356"]
[BlackElo "1748"]
[PlyCount "67"]
[EventDate "2024.05.21"]
[EventType "swiss"]
[EventCountry "IND"]
[TimeControl "5400+30"]

1. e4 c5 2. Nf3 d6 3. d4 cxd4 4. Nxd4 Nf6 5. Nc3 a6 6. Be3 e5 7. Nb3 Be6 8. Qd2 Be7 9. O-O-O Ng4 10. g3 Nxe3 11. Qxe3 O-O 12. f4 Nc6 13. Kb1 b5 14. h4 Na5 15. f5 Bc4 16. Nxa5 Qxa5 17. Bxc4 bxc4 18. Nd5 Rfe8 19. Qb6 Qxb6 20. Nxb6 Rab8 21. Nxc4 g6 22. Ne3 Rb4 23. c4 Reb8 24. Rh2 Bf8 25. Rc2 Rc8 26. g4 h5 27. gxh5 gxf5 28. exf5 Kh7 29. b3 Rcb8 30. Nd5 R4b7 31. Rg2 Bh6 32. Nf6+ Kh8 33. Rdg1 Rxb3+ 34. axb3 1-0

[Event "10th LBHM Open 2024"]
[Site "Pune"]
[Date "2024.05.21"]
[Round "3.5"]
[White "Ratnakaran, K.."]
[Black "Shaurya Chaudhary"]
[Result "1-0"]
[ECO "B50"]
[WhiteElo "2275"]
[BlackElo "1740"]
[PlyCount "97"]
[EventDate "2024.05.21"]
[EventType "swiss"]
[EventCountry "IND"]
[TimeControl "5400+30"]

1. e4 c5 2. Nf3 d6 3. c3 Nf6 4. h3 e6 5. Bd3 Be7 6. Bc2 Nc6 7. O-O Qc7 8. Re1 e5 9. a3 Bd7 10. b4 a5 11. b5 Nd8 12. a4 Ne6 13. Na3 c4 14. Bb1 Nf4 15. d4 cxd3 16. Bxf4 exf4 17. Qxd3 Rc8 18. Rc1 O-O 19. Ba2 d5 20. Bxd5 Nxd5 21. exd5 Bf6 22. Ra2 Qc5 23. c4 g6 24. Qd2 Qb4 25. Qxf4 Bf5 26. g4 Qb3 27. Re2 Bb2 28. Rxb2 Qxb2 29. gxf5 Qxa3 30. f6 Rfd8 31. Re1 Qc3 32. Re4 h6 33. Ne5 Rd6 34. Ng4 h5 35. Nh6+ Kh7 36. Nxf7 Rxf6 37. Qh6+ Kg8 38. Qh8+ Kxf7 39. Qxc8 Qc1+ 40. Kg2 Qg5+ 41. Kf1 Qc1+ 42. Re1 Rxf2+ 43. Kxf2 Qd2+ 44. Re2 Qf4+ 45. Kg2 Qg5+ 46. Kf3 Qf6+ 47. Ke4 Qh4+ 48. Kd3 Qxh3+ 49. Qxh3 1-0

[Event "10th LBHM Open 2024"]
[Site "Pune"]
[Date "2024.05.21"]
[Round "3.6"]
[White "Nirvan Bhamidi"]
[Black "Roy Chowdhury, Saptarshi"]
[Result "1-0"]
[ECO "B00"]
[WhiteElo "1741"]
[BlackElo "2249"]
[PlyCount "97"]
[EventDate "2024.05.21"]
[EventType "swiss"]
[EventCountry "IND"]
[TimeControl "5400+30"]

1. e4 b6 2. d4 Bb7 3. Bd3 e6 4. Nc3 d6 5. f4 Nd7 6. Nf3 c5 7. Qe2 cxd4 8. Nxd4 a6 9. Nb3 Qc7 10. O-O Ngf6 11. Bd2 Be7 12. Rae1 e5 13. Qf3 O-O 14. Kh1 Rad8 15. Nd5 Nxd5 16. exd5 Nf6 17. fxe5 dxe5 18. c4 e4 19. Bxe4 Nxe4 20. Qxe4 Bd6 21. Bc3 f6 22. h3 Rc8 23. Nd2 b5 24. Qe6+ Kh8 25. Ne4 Bg3 26. Re3 Rce8 27. Qf5 Be5 28. d6 Bxe4 29. dxc7 Bxf5 30. Rxf5 Bxc7 31. Rxe8 Rxe8 32. cxb5 Rd8 33. g4 axb5 34. Rxb5 Kg8 35. Rb7 Bf4 36. a4 Rd3 37. Kg2 Rg3+ 38. Kf2 Rxh3 39. a5 Be3+ 40. Ke2 Bc5 41. Rc7 Bg1 42. b4 h5 43. gxh5 Rxh5 44. a6 Rh2+ 45. Kf1 Be3 46. a7 Bxa7 47. Rxa7 Rc2 48. Rc7 g5 49. Be5 1-0

[Event "10th LBHM Open 2024"]
[Site "Pune"]
[Date "2024.05.21"]
[Round "3.7"]
[White "Dere Pushkar"]
[Black "Vismay Sachar"]
[Result "1-0"]
[ECO "C54"]
[WhiteElo "2209"]
[BlackElo "1732"]
[PlyCount "61"]
[EventDate "2024.05.21"]
[EventType "swiss"]
[EventCountry "IND"]
[TimeControl "5400+30"]

1. e4 e5 2. Nf3 Nc6 3. Bc4 Bc5 4. c3 Nf6 5. d3 d6 6. Bg5 h6 7. Bh4 g5 8. Bg3 Qe7 9. a4 a5 10. Nbd2 Be6 11. Bb5 Bd7 12. O-O g4 13. Bh4 Rg8 14. Ne1 Rg6 15. Nc2 Ba7 16. Ne3 h5 17. Nd5 Nxd5 18. Bxe7 Ndxe7 19. Kh1 h4 20. f4 exf4 21. Rxf4 Be3 22. Rf1 g3 23. Nc4 Bh6 24. Qh5 h3 25. hxg3 Rxg3 26. Qxf7+ Kd8 27. Rf2 Rxd3 28. Qh7 hxg2+ 29. Kxg2 Bg5 30. Rf8+ Be8 31. Qh5 1-0

[Event "10th LBHM Open 2024"]
[Site "Pune"]
[Date "2024.05.21"]
[Round "3.8"]
[White "Mokshith Pasupulety"]
[Black "Md Imran"]
[Result "0-1"]
[ECO "D02"]
[WhiteElo "1740"]
[BlackElo "2184"]
[PlyCount "94"]
[EventDate "2024.05.21"]
[EventType "swiss"]
[EventCountry "IND"]
[TimeControl "5400+30"]

1. Nf3 Nf6 2. g3 d5 3. Bg2 Bg4 4. O-O Nbd7 5. d4 e6 6. h3 Bh5 7. Ne5 Nxe5 8. dxe5 Nd7 9. f4 Bc5+ 10. Kh2 O-O 11. g4 Bg6 12. f5 exf5 13. gxf5 Bh5 14. Qxd5 c6 15. Qc4 Qe7 16. Nc3 Nxe5 17. Qe4 Rfe8 18. Bf4 Ng4+ 19. Kg3 Ne3 20. Bxe3 Qd6+ 21. Bf4 Rxe4 22. Bxe4 Qe7 23. Bd3 Bd6 24. Ne4 Bxf4+ 25. Rxf4 Qe5 26. c3 g5 27. Nxg5 Qe3+ 28. Nf3 Kh8 29. Rg4 Bxg4 30. hxg4 Rg8 31. Rh1 f6 32. a4 Rg5 33. Rh2 Kg7 34. Rh4 h5 35. Rxh5 Rxh5 36. gxh5 Kh6 37. b4 Kxh5 38. c4 Qe7 39. c5 a5 40. bxa5 Qc7+ 41. Kg2 Qxa5 42. Nd4 Qxc5 43. Ne6 Qa5 44. Kf3 Qxa4 45. Be4 Qb3+ 46. Kf4 Kh4 47. Bf3 Qc3 0-1

[Event "10th LBHM Open 2024"]
[Site "Pune"]
[Date "2024.05.21"]
[Round "3.9"]
[White "Koustuv Dash"]
[Black "Nishant T.R."]
[Result "1-0"]
[ECO "A57"]
[WhiteElo "2133"]
[BlackElo "1730"]
[PlyCount "93"]
[EventDate "2024.05.21"]
[EventType "swiss"]
[EventCountry "IND"]
[TimeControl "5400+30"]

1. d4 Nf6 2. c4 c5 3. d5 b5 4. Qc2 d6 5. e4 bxc4 6. Bxc4 g6 7. Nc3 Bg7 8. Nf3 Nbd7 9. O-O O-O 10. h3 Nb6 11. Be2 a5 12. a4 Ne8 13. Bg5 Nc7 14. Rad1 f6 15. Be3 Ba6 16. h4 Qe8 17. b3 f5 18. Bxa6 Nxa6 19. Ng5 Nb4 20. Qc1 f4 21. Bd2 Nd3 22. Qc2 Ne5 23. f3 Qd7 24. Ne6 Bh6 25. Nxf8 Rxf8 26. Ne2 c4 27. Bxa5 cxb3 28. Qxb3 Nxa4 29. Nd4 Nc5 30. Qb5 Qxb5 31. Nxb5 Nc4 32. Bd2 Nb3 33. Bc1 Bg7 34. Na3 Ne3 35. Bxe3 fxe3 36. Rfe1 Bd4 37. Nc2 Bc5 38. Nxe3 Nd4 39. Kh2 Bb4 40. Rf1 Bc5 41. Nc4 Rf4 42. Kg3 Ne2+ 43. Kh3 Nc3 44. Rc1 Ne2 45. Rb1 Nd4 46. Nb2 Rf7 47. Nd3 1-0

[Event "10th LBHM Open 2024"]
[Site "Pune"]
[Date "2024.05.21"]
[Round "3.10"]
[White "Lalitaditaayyanar Boominathan"]
[Black "Sharnarthi Viresh"]
[Result "1-0"]
[ECO "A34"]
[WhiteElo "1736"]
[BlackElo "2078"]
[PlyCount "111"]
[EventDate "2024.05.21"]
[EventType "swiss"]
[EventCountry "IND"]
[TimeControl "5400+30"]

1. Nf3 Nf6 2. g3 c5 3. c4 d5 4. Bg2 Nc6 5. cxd5 Nxd5 6. Nc3 e5 7. Nxe5 Nxc3 8. Nxc6 Nxd1 9. Nxd8 Nxf2 10. Nxf7 Nxh1 11. Nxh8 Nxg3 12. hxg3 Bd6 13. Kf2 Be6 14. Bxb7 Rb8 15. Bf3 Be5 16. d3 Kd7 17. Ng6 hxg6 18. Rb1 g5 19. b3 c4 20. dxc4 g4 21. Bd5 Rf8+ 22. Kg2 Bd4 23. e3 Bxd5+ 24. cxd5 Bb6 25. Rb2 Rc8 26. Bd2 Kd6 27. e4 Ke5 28. Bf4+ Kxe4 29. d6 Kf5 30. Re2 Bd4 31. Rd2 Bb6 32. a4 Bd8 33. Re2 Bf6 34. Be3 Ra8 35. Bc5 a6 36. Bb6 Rb8 37. a5 Rb7 38. Re8 Rd7 39. Bc7 Rf7 40. b4 Bc3 41. Re7 Rf8 42. d7 Bxb4 43. Re8 Be7 44. Rxf8+ Ke6 45. d8=Q Bxd8 46. Rxd8 g5 47. Kf2 Kf6 48. Ke3 Ke6 49. Ke4 Kf7 50. Rd6 Ke7 51. Kf5 Kf7 52. Rd7+ Ke8 53. Ke6 Kf8 54. Be5 Kg8 55. Rc7 Kf8 56. Rc8# 1-0

[Event "10th LBHM Open 2024"]
[Site "Pune"]
[Date "2024.05.21"]
[Round "4.1"]
[White "Ghosh, Diptayan"]
[Black "Surada Yashaswi Satya Gangadha"]
[Result "1-0"]
[ECO "D34"]
[WhiteElo "2564"]
[BlackElo "1844"]
[PlyCount "109"]
[EventDate "2024.05.21"]
[EventType "swiss"]
[EventCountry "IND"]
[TimeControl "5400+30"]

1. Nf3 d5 2. g3 Nf6 3. Bg2 c5 4. O-O e6 5. c4 Be7 6. cxd5 exd5 7. d4 cxd4 8. Nxd4 Nc6 9. Nc3 O-O 10. Be3 Be6 11. Rc1 Qd7 12. Qa4 Bh3 13. Rfd1 Bxg2 14. Kxg2 Rfd8 15. Nf3 Rac8 16. a3 Qe6 17. Bd4 Ne4 18. Qb5 Rd7 19. e3 Rcd8 20. Qe2 Bf6 21. Nb5 Nxd4 22. Nbxd4 Qg4 23. Rc2 h5 24. Rdc1 Nd6 25. Kg1 Qe4 26. Rc7 g6 27. Rxd7 Rxd7 28. h4 Qg4 29. b3 a6 30. a4 Re7 31. Qd3 Qh3 32. Ne2 Qf5 33. Qxf5 Nxf5 34. Nf4 Rd7 35. Rd1 d4 36. Ne2 d3 37. Nf4 d2 38. Rxd2 Rxd2 39. Nxd2 Be5 40. Nd5 Nd6 41. Kg2 Kf8 42. Kf3 Ke8 43. Nb6 Nf5 44. Ke4 Bc7 45. Nd5 Bd8 46. Nf3 f6 47. Kd3 g5 48. e4 Nd6 49. hxg5 fxg5 50. e5 Nf5 51. Ke4 Nh6 52. Nf6+ Bxf6 53. exf6 Kf7 54. Nxg5+ Kxf6 55. Kf4 1-0

[Event "10th LBHM Open 2024"]
[Site "Pune"]
[Date "2024.05.21"]
[Round "4.2"]
[White "Ghadge Harsh"]
[Black "Aronyak Ghosh"]
[Result "0-1"]
[ECO "E15"]
[WhiteElo "1846"]
[BlackElo "2536"]
[PlyCount "106"]
[EventDate "2024.05.21"]
[EventType "swiss"]
[EventCountry "IND"]
[TimeControl "5400+30"]

1. d4 Nf6 2. c4 e6 3. Nf3 b6 4. g3 Ba6 5. b3 Bb4+ 6. Bd2 Be7 7. Nc3 c6 8. Qc2 d5 9. e3 O-O 10. Bd3 Nbd7 11. cxd5 Bxd3 12. Qxd3 exd5 13. O-O Re8 14. e4 Nc5 15. dxc5 dxe4 16. Qxd8 Raxd8 17. Ng5 Rxd2 18. Ngxe4 Nxe4 19. Nxe4 Rd4 20. Rfe1 Kf8 21. Rad1 Rxd1 22. Rxd1 f5 23. Nd6 Rd8 24. Rd2 Bxd6 25. cxd6 Kf7 26. Rd4 Ke6 27. Ra4 Rd7 28. Kg2 c5 29. Kf3 Kxd6 30. Kf4 Ke6 31. Ra6 g6 32. h4 Kd5 33. Ke3 Kc6 34. Ra4 Kb7 35. Rc4 Rd5 36. Rc2 Rd4 37. a3 Kc6 38. f3 Kd5 39. Rc3 b5 40. Rc1 a5 41. Rc2 a4 42. bxa4 Rxa4 43. Rc3 c4 44. g4 f4+ 45. Kxf4 Kd4 46. Rc1 Rxa3 47. h5 gxh5 48. gxh5 b4 49. Rb1 b3 50. Rd1+ Kc3 51. Kg5 b2 52. f4 Ra1 53. Rxa1 bxa1=Q 0-1

[Event "10th LBHM Open 2024"]
[Site "Pune"]
[Date "2024.05.21"]
[Round "4.3"]
[White "Neelash Saha"]
[Black "Pranav Sai Ram R S"]
[Result "1-0"]
[ECO "D11"]
[WhiteElo "2483"]
[BlackElo "1826"]
[PlyCount "91"]
[EventDate "2024.05.21"]
[EventType "swiss"]
[EventCountry "IND"]
[TimeControl "5400+30"]

1. d4 d5 2. c4 c6 3. Nf3 Nf6 4. e3 Bg4 5. Nc3 Bxf3 6. Qxf3 e6 7. Bd3 Bd6 8. O-O O-O 9. e4 dxc4 10. Bxc4 e5 11. d5 b5 12. Bb3 b4 13. Ne2 cxd5 14. exd5 e4 15. Qh3 Nbd7 16. Ng3 Nc5 17. Bc4 Nfd7 18. Be3 Ne5 19. b3 Re8 20. Bb5 Rf8 21. Rad1 Qa5 22. Nf5 Qxb5 23. Nxd6 Qa5 24. Bd4 Ned7 25. Nf5 f6 26. Ne7+ Kf7 27. Nc6 Qc7 28. Rc1 Qd6 29. Bxc5 Nxc5 30. Rxc5 Rae8 31. Rfc1 Qf4 32. Qe3 Qd6 33. Qg3 Qxg3 34. hxg3 e3 35. Re1 exf2+ 36. Kxf2 Rxe1 37. Kxe1 Ke8 38. Nxb4 Kd7 39. Ra5 Re8+ 40. Kd2 Kd6 41. Rxa7 Kc5 42. a3 Re4 43. Rxg7 h5 44. Rc7+ Kd6 45. Rc6+ Ke7 46. Re6+ 1-0

[Event "10th LBHM Open 2024"]
[Site "Pune"]
[Date "2024.05.21"]
[Round "4.4"]
[White "Kolla Bhaavan"]
[Black "Nitin, S.."]
[Result "0-1"]
[ECO "B28"]
[WhiteElo "1833"]
[BlackElo "2356"]
[PlyCount "60"]
[EventDate "2024.05.21"]
[EventType "swiss"]
[EventCountry "IND"]
[TimeControl "5400+30"]

1. e4 c5 2. Nf3 a6 3. d4 cxd4 4. Qxd4 Nc6 5. Qe3 Nf6 6. Be2 d5 7. exd5 Nxd5 8. Qd2 Bf5 9. a3 Nf6 10. c3 e6 11. Qxd8+ Rxd8 12. Nbd2 Bc5 13. Nc4 Nd5 14. Ne3 Be4 15. Nxd5 exd5 16. Be3 Bxe3 17. fxe3 O-O 18. Kf2 Rfe8 19. Rad1 b5 20. b4 Re6 21. Rhf1 Rde8 22. Ng5 Rf6+ 23. Kg1 Bc2 24. Rxd5 Rxe3 25. Bf3 h6 26. Nh3 Ne5 27. Rd8+ Kh7 28. Rc8 Nxf3+ 29. Rxf3 Rexf3 30. gxf3 Bf5 0-1

[Event "10th LBHM Open 2024"]
[Site "Pune"]
[Date "2024.05.21"]
[Round "4.5"]
[White "Kherdekar Arnav"]
[Black "Ratnakaran, K.."]
[Result "0-1"]
[ECO "C05"]
[WhiteElo "1825"]
[BlackElo "2275"]
[PlyCount "56"]
[EventDate "2024.05.21"]
[EventType "swiss"]
[EventCountry "IND"]
[TimeControl "5400+30"]

1. e4 e6 2. d4 d5 3. Nd2 Nf6 4. e5 Nfd7 5. c3 c5 6. f4 Nc6 7. Ndf3 f6 8. Bd3 cxd4 9. cxd4 Bb4+ 10. Bd2 fxe5 11. fxe5 O-O 12. Ne2 Rxf3 13. gxf3 Qh4+ 14. Kf1 Qh3+ 15. Kf2 Ndxe5 16. dxe5 Nxe5 17. Nf4 Bc5+ 18. Be3 Qh4+ 19. Ke2 Bxe3 20. Kxe3 d4+ 21. Kxd4 Qxf4+ 22. Be4 Bd7 23. b3 Rc8 24. Rc1 Rxc1 25. Qxc1 Nxf3+ 26. Kc3 Qxe4 27. Rd1 Qe5+ 28. Kb4 Nd4 0-1

[Event "10th LBHM Open 2024"]
[Site "Pune"]
[Date "2024.05.21"]
[Round "4.6"]
[White "Kiran, Panditrao"]
[Black "Dere Pushkar"]
[Result "0-1"]
[ECO "B12"]
[WhiteElo "1804"]
[BlackElo "2209"]
[PlyCount "72"]
[EventDate "2024.05.21"]
[EventType "swiss"]
[EventCountry "IND"]
[TimeControl "5400+30"]

1. e4 c6 2. d4 d5 3. e5 c5 4. dxc5 e6 5. Be3 Nd7 6. Nf3 Bxc5 7. Bxc5 Nxc5 8. Be2 Ne7 9. O-O Nc6 10. Re1 Qb6 11. Nc3 O-O 12. Rb1 Ne4 13. Nxe4 dxe4 14. Ng5 e3 15. f4 Rd8 16. Qc1 Rd2 17. Kh1 Nb4 18. Ra1 Rxc2 19. Qb1 h6 20. a3 hxg5 21. axb4 Rd2 22. Qe4 Bd7 23. Bd3 Bc6 24. Qh7+ Kf8 25. Bf1 gxf4 26. Qh8+ Ke7 27. Qh4+ Ke8 28. Qxf4 Rf2 29. Qh4 Rd8 30. Qh8+ Ke7 31. Qh4+ Kd7 32. b5 Bd5 33. Qg3 Rc8 34. Qxg7 Rcc2 35. Rac1 Rxc1 36. Rxc1 Qc5 0-1

[Event "10th LBHM Open 2024"]
[Site "Pune"]
[Date "2024.05.21"]
[Round "4.7"]
[White "Md Imran"]
[Black "Singla Aaryan"]
[Result "1/2-1/2"]
[ECO "A03"]
[WhiteElo "2184"]
[BlackElo "1798"]
[PlyCount "94"]
[EventDate "2024.05.21"]
[EventType "swiss"]
[EventCountry "IND"]
[TimeControl "5400+30"]

1. b3 Nf6 2. Bb2 d5 3. e3 Bf5 4. f4 e6 5. Nf3 Be7 6. Bd3 Nbd7 7. Bxf5 exf5 8. O-O O-O 9. c4 Nc5 10. cxd5 Nxd5 11. Qc2 Ne4 12. a3 Bf6 13. Re1 Bxb2 14. Qxb2 Qf6 15. Qxf6 Ndxf6 16. Rc1 c6 17. d3 Nd6 18. Nbd2 Rfe8 19. Nf1 Rad8 20. Kf2 Nb5 21. Ke2 Nd5 22. Kd2 a5 23. Rc5 Ra8 24. a4 Nbc7 25. Nd4 Ne6 26. Nxe6 Rxe6 27. Re1 b6 28. Rcc1 Rd8 29. Red1 c5 30. Rc4 Red6 31. Ke2 Nb4 32. Rc3 g6 33. h3 h5 34. g3 Kf8 35. Rd2 Ke7 36. Nh2 Nd5 37. Rc4 Nb4 38. d4 cxd4 39. exd4 f6 40. Nf3 Kf7 41. Kf2 Nc6 42. Rc1 R8d7 43. Rc4 Rd8 44. Rd1 R8d7 45. Ke2 Re7+ 46. Kf2 Red7 47. Rd2 Rd8 1/2-1/2

[Event "10th LBHM Open 2024"]
[Site "Pune"]
[Date "2024.05.21"]
[Round "4.8"]
[White "Gade Sharanya"]
[Black "Koustuv Dash"]
[Result "0-1"]
[ECO "D35"]
[WhiteElo "1790"]
[BlackElo "2133"]
[PlyCount "166"]
[EventDate "2024.05.21"]
[EventType "swiss"]
[EventCountry "IND"]
[TimeControl "5400+30"]

1. d4 d5 2. c4 e6 3. Nc3 Nf6 4. cxd5 exd5 5. Bg5 c6 6. e3 Be7 7. Bd3 h6 8. Bh4 O-O 9. Nge2 Ne8 10. Bg3 Nd6 11. Qc2 Re8 12. O-O Bf8 13. Rae1 a5 14. Nc1 Na6 15. a3 Be6 16. f3 Rc8 17. e4 dxe4 18. fxe4 b5 19. Qf2 Nc4 20. Kh1 Qb6 21. Nb3 a4 22. Nc1 Red8 23. Bxc4 Bxc4 24. N1e2 Rd7 25. Qf5 Be6 26. Qf3 Bc4 27. Bf2 Qa5 28. Be3 Rcd8 29. Qg3 Kh8 30. Rf5 Nc7 31. Ref1 Qa6 32. R1f2 Ne8 33. Nf4 Nd6 34. Ng6+ fxg6 35. Rxf8+ Rxf8 36. Rxf8+ Kh7 37. Qh3 Qb7 38. e5 Rf7 39. Rxf7 Nxf7 40. Qf3 Nd8 41. Qf8 Qd7 42. Ne4 Bd5 43. Nc5 Qh3 44. Qf2 Bxg2+ 45. Qxg2 Qxe3 46. Qg1 Qf4 47. Kg2 h5 48. Qf2 Qg4+ 49. Kf1 g5 50. Qe3 Qf5+ 51. Kg2 Qc2+ 52. Kh3 Qf5+ 53. Kg2 Qc2+ 54. Kh3 Qxb2 55. e6 Nxe6 56. Qe4+ Kh8 57. Qxe6 Qxa3+ 58. Kg2 Qb2+ 59. Kg3 Qc3+ 60. Kg2 Qd2+ 61. Kh3 Qc3+ 62. Kg2 Qd2+ 63. Kh3 g4+ 64. Kg3 Qg5 65. Ne4 h4+ 66. Kg2 Qd5 67. Qc8+ Kh7 68. Qxg4 a3 69. Kh3 a2 70. Ng5+ Kh6 71. Kxh4 g6 72. Qf4 Qf5 73. Qc1 Qb1 74. Qf4 Qf5 75. Qc1 a1=Q 76. Nf7+ Kh7 77. Qxa1 Qf4+ 78. Kh3 Qf3+ 79. Kh4 Qxf7 80. Qc1 Qf2+ 81. Kh3 Qf3+ 82. Kh4 b4 83. Qc5 Qh5+ 0-1

[Event "10th LBHM Open 2024"]
[Site "Pune"]
[Date "2024.05.21"]
[Round "4.9"]
[White "Majhi Fakir"]
[Black "Bhosale Shriraj"]
[Result "1/2-1/2"]
[ECO "E67"]
[WhiteElo "1770"]
[BlackElo "2036"]
[PlyCount "80"]
[EventDate "2024.05.21"]
[EventType "swiss"]
[EventCountry "IND"]
[TimeControl "5400+30"]

1. d4 Nf6 2. Nf3 g6 3. g3 Bg7 4. Bg2 O-O 5. O-O d6 6. c4 c6 7. Nc3 Nbd7 8. b3 e5 9. dxe5 dxe5 10. Ba3 Re8 11. e4 Qa5 12. Qc1 b5 13. b4 Qb6 14. c5 Qc7 15. Bb2 a5 16. a3 Nb8 17. Re1 Na6 18. Nd1 Bg4 19. Bc3 Rad8 20. Qb2 Nh5 21. Ne3 Bc8 22. Rad1 f6 23. Rd2 Bf8 24. Red1 Rxd2 25. Nxd2 a4 26. Bf3 Ng7 27. Ng4 Qe7 28. Be2 h5 29. Ne3 Ne6 30. Nd5 cxd5 31. exd5 Ng5 32. Bxb5 Rd8 33. Bc4 Kh7 34. h4 Nh3+ 35. Kg2 Nxc5 36. bxc5 Qxc5 37. Rf1 Bh6 38. Qb4 Qa7 39. Ne4 Bg7 40. Qb5 Bf5 1/2-1/2

[Event "10th LBHM Open 2024"]
[Site "Pune"]
[Date "2024.05.21"]
[Round "4.10"]
[White "Arpith S Bijoy"]
[Black "Dave, Kantilal"]
[Result "1-0"]
[ECO "E17"]
[WhiteElo "2011"]
[BlackElo "1791"]
[PlyCount "67"]
[EventDate "2024.05.21"]
[EventType "swiss"]
[EventCountry "IND"]
[TimeControl "5400+30"]

1. b3 d6 2. Bb2 e6 3. Nf3 Nf6 4. d4 b6 5. g3 Bb7 6. Bg2 Nbd7 7. O-O Be7 8. c4 O-O 9. Nc3 d5 10. Rc1 dxc4 11. bxc4 Re8 12. Re1 Ne4 13. Qd3 Nxc3 14. Bxc3 Rb8 15. e4 Bf6 16. e5 Be7 17. Ba1 Nf8 18. Red1 Qd7 19. d5 Bc5 20. Ng5 Qe7 21. Ne4 Bb4 22. a3 Bc5 23. Qd2 Ng6 24. d6 cxd6 25. exd6 Qf8 26. Nxc5 bxc5 27. d7 Red8 28. Rb1 Bxg2 29. Rxb8 Rxb8 30. d8=Q Rxd8 31. Qxd8 Bf3 32. Rd3 Be2 33. Rd2 Bxc4 34. Qc7 1-0

[Event "10th LBHM Open 2024"]
[Site "Pune"]
[Date "2024.05.21"]
[Round "5.1"]
[White "Bhoir Paras Dilip"]
[Black "Ghosh, Diptayan"]
[Result "0-1"]
[ECO "C79"]
[WhiteElo "1968"]
[BlackElo "2564"]
[PlyCount "122"]
[EventDate "2024.05.21"]
[EventType "swiss"]
[EventCountry "IND"]
[TimeControl "5400+30"]

1. e4 e5 2. Nf3 Nc6 3. Bb5 a6 4. Ba4 Nf6 5. O-O d6 6. Re1 Bd7 7. c3 g6 8. d4 Bg7 9. Bxc6 Bxc6 10. dxe5 Nxe4 11. exd6 O-O 12. d7 Nc5 13. Bf4 Nxd7 14. Nd4 Nc5 15. Nxc6 bxc6 16. Qf3 Qd5 17. Qxd5 cxd5 18. Bxc7 Nd3 19. Rd1 Rfe8 20. Na3 Nxb2 21. Rxd5 Bxc3 22. Ba5 Bg7 23. Re1 Rxe1+ 24. Bxe1 Bf8 25. Nc2 Rc8 26. Rd2 Bh6 27. Re2 Nd3 28. Nd4 Rc1 29. Nf3 Bf8 30. Kf1 Bb4 31. Re3 Nxe1 32. Nxe1 Ra1 33. Re2 h5 34. f4 Bxe1 35. Rxe1 Rxa2 36. Re8+ Kg7 37. Ra8 Kf6 38. Ra7 h4 39. h3 a5 40. Ra6+ Kf5 41. Ra7 f6 42. Ra6 a4 43. Kg1 a3 44. Kh2 Ra1 45. Ra4 a2 46. Ra6 Ke4 47. Re6+ Kd3 48. Rd6+ Kc4 49. Ra6 f5 50. Ra8 Kd5 51. Ra4 Kc5 52. Ra5+ Kd4 53. Ra6 Ke4 54. Ra4+ Ke3 55. Ra3+ Kxf4 56. Ra4+ Ke3 57. Ra6 g5 58. Ra5 f4 59. Ra8 Kf2 60. Ra3 Kf1 61. Kh1 g4 0-1

[Event "10th LBHM Open 2024"]
[Site "Pune"]
[Date "2024.05.21"]
[Round "5.2"]
[White "Aronyak Ghosh"]
[Black "Gawai Siddhant"]
[Result "1-0"]
[ECO "E32"]
[WhiteElo "2536"]
[BlackElo "1931"]
[PlyCount "97"]
[EventDate "2024.05.21"]
[EventType "swiss"]
[EventCountry "IND"]
[TimeControl "5400+30"]

1. Nf3 Nf6 2. c4 e6 3. Nc3 Bb4 4. Qc2 O-O 5. a3 Bxc3 6. Qxc3 d6 7. b4 Nbd7 8. Bb2 c5 9. e3 b6 10. d4 Bb7 11. dxc5 bxc5 12. b5 d5 13. Be2 Nb6 14. O-O Na4 15. Qc2 Nxb2 16. Qxb2 Ne4 17. Rfc1 Rc8 18. Rc2 Qb6 19. a4 Qa5 20. Bd3 Nd6 21. Nd2 Rfd8 22. Qc3 Qc7 23. Rac1 Qe7 24. Qa3 Ba8 25. Bf1 Rc7 26. Qb2 Rdc8 27. Qe5 f6 28. Qb2 e5 29. cxd5 Bxd5 30. Qa3 Nb7 31. h3 Kf8 32. Nc4 Bxc4 33. Bxc4 Na5 34. Qd3 Nxc4 35. Rxc4 g6 36. Rd1 Rb8 37. Qc3 Rbc8 38. Rd5 Kg7 39. e4 Kh6 40. h4 Kg7 41. g3 h5 42. Kg2 Kh6 43. a5 Kg7 44. b6 axb6 45. axb6 Rc6 46. Qd2 Qe6 47. b7 Rb8 48. Rd7+ Kg8 49. Rd8+ 1-0

[Event "10th LBHM Open 2024"]
[Site "Pune"]
[Date "2024.05.21"]
[Round "5.3"]
[White "Shaun Deon Sequeira"]
[Black "Neelash Saha"]
[Result "0-1"]
[ECO "B12"]
[WhiteElo "1926"]
[BlackElo "2483"]
[PlyCount "64"]
[EventDate "2024.05.21"]
[EventType "swiss"]
[EventCountry "IND"]
[TimeControl "5400+30"]

1. e4 c6 2. d4 d5 3. e5 Bf5 4. h4 h6 5. g4 Be4 6. f3 Bh7 7. e6 Qd6 8. exf7+ Kxf7 9. f4 Qe6+ 10. Qe2 Qxe2+ 11. Bxe2 Bxc2 12. Nf3 Nd7 13. Nc3 e6 14. Be3 Ngf6 15. Ne5+ Ke8 16. Kd2 Bh7 17. g5 Nxe5 18. fxe5 Ne4+ 19. Nxe4 Bxe4 20. Rhf1 Bb4+ 21. Kc1 hxg5 22. Bxg5 Be7 23. Bxe7 Kxe7 24. h5 Rag8 25. Kd2 g6 26. hxg6 Rxg6 27. Rg1 Rh2 28. Rxg6 Bxg6 29. Ke3 Rh4 30. Bf3 Rh3 31. Rh1 Rxf3+ 32. Kxf3 Be4+ 0-1

[Event "10th LBHM Open 2024"]
[Site "Pune"]
[Date "2024.05.21"]
[Round "5.4"]
[White "Nitin, S.."]
[Black "Bhuvan Krishna Prasanth"]
[Result "1-0"]
[ECO "C26"]
[WhiteElo "2356"]
[BlackElo "1930"]
[PlyCount "79"]
[EventDate "2024.05.21"]
[EventType "swiss"]
[EventCountry "IND"]
[TimeControl "5400+30"]

1. e4 e5 2. Nc3 Nf6 3. g3 Bc5 4. Bg2 O-O 5. Nge2 d6 6. O-O Nc6 7. Na4 Bb6 8. Nxb6 axb6 9. d3 h6 10. f4 d5 11. fxe5 Nxe5 12. d4 Ng6 13. exd5 Re8 14. Nc3 b5 15. Nxb5 Bg4 16. Bf3 Bh3 17. Re1 Qd7 18. Nc3 Qf5 19. Bd2 Ng4 20. Ne4 Ra6 21. d6 Kh7 22. dxc7 Rae6 23. b4 R6e7 24. c3 f6 25. c8=Q Qxc8 26. Nd6 Qd7 27. Nxe8 f5 28. Rxe7 Nxe7 29. Qe2 Qxe8 30. Re1 Qf7 31. Qxe7 Qxa2 32. Qe2 Qf7 33. Bf4 g5 34. Qe7 Kg6 35. Re6+ Nf6 36. Bh5+ Kxh5 37. Qxf7+ Kg4 38. Qxf6 gxf4 39. Qh4+ Kf3 40. Qxf4# 1-0

[Event "10th LBHM Open 2024"]
[Site "Pune"]
[Date "2024.05.21"]
[Round "5.5"]
[White "Ratnakaran, K.."]
[Black "Daksh Goyal"]
[Result "1-0"]
[ECO "B30"]
[WhiteElo "2275"]
[BlackElo "1910"]
[PlyCount "71"]
[EventDate "2024.05.21"]
[EventType "swiss"]
[EventCountry "IND"]
[TimeControl "5400+30"]

1. e4 c5 2. Nf3 Nc6 3. Bb5 Nf6 4. e5 Nd5 5. O-O Nc7 6. a4 g6 7. Re1 Bg7 8. Nc3 O-O 9. Bxc6 dxc6 10. h3 f5 11. d3 Ne6 12. Ne2 h6 13. c3 b6 14. a5 Ba6 15. Qb3 Qd5 16. c4 Qd8 17. Nf4 Nxf4 18. Bxf4 g5 19. Bxg5 hxg5 20. Nxg5 bxa5 21. Qd1 Qe8 22. Ne6 Qg6 23. Nf4 Qh6 24. Qf3 Bb7 25. Rxa5 a6 26. Rxc5 e6 27. d4 Rfd8 28. d5 cxd5 29. Rc7 Rab8 30. Nh5 Bh8 31. Qg3+ Kf8 32. Qa3+ Kg8 33. Re3 f4 34. Nxf4 Qxf4 35. Rg3+ Qxg3 36. Qxg3+ 1-0